 Dungeon Crawl Stone Soup version 0.17.1-2-g5865329 (webtiles) character file.

289 Jerry the Sneak (level 6, 0/36 HPs)
             Began as an Octopode Wizard on Feb 9, 2016.
             Was an Initiate of Ashenzari.
             Slain by Purgy (5 damage)
             ... on level 3 of the Dungeon.
             The game lasted 00:17:08 (3531 turns).

Jerry the Sneak (Octopode Wizard)                   Turns: 3531, Time: 00:17:09

Health: 0/36       AC:  1    Str:  6    XL:     6   Next: 31%
Magic:  6/10       EV: 12    Int: 23    God:    Ashenzari [......]
Gold:   181        SH:  0    Dex: 10    Spells: 2 memorised, 7 levels left

rFire  . . .     SeeInvis .     j - +1 short sword (curse)
rCold  . . .     Clarity  .     (no shield)
rNeg   . . .     SustAt   .     a - +0 hat
rPois  .         Gourm    .     (no amulet)
rElec  .         Spirit   .     (no ring)
rCorr  .         Warding  .     (no ring)
rMut   .         Stasis   .     (no ring)
MR     .....                    (no ring)
Stlth  +++++.....               (no ring)
                                (no ring)
                                (no ring)
                                (no ring)

@: not resistant to hostile enchantments, quite stealthy
A: almost no armour, amphibious, 8 rings, constrict 8, camouflage 1, gelatinous
body 1
a: Renounce Religion


You were on level 3 of the Dungeon.
You worshipped Ashenzari.
Ashenzari was noncommittal.
You were hungry.

You visited 1 branch of the dungeon, and saw 3 of its levels.

You collected 181 gold pieces.

Inventory:

Hand Weapons
 e - a +0 club
 i - a +0 dagger
 j - a cursed +1 short sword (weapon)
Armour
 a - a +0 hat (worn)
Wands
 o - a wand of random effects (42)
Scrolls
 d - a scroll of enchant weapon
 h - a scroll of teleportation
 k - a scroll of identify
Potions
 f - a potion of agility {unknown}
 l - a potion of cure mutation
 m - a potion of invisibility {unknown}
 p - a potion of magic {unknown}
 r - a potion of degeneration {unknown}
Books
 b - a book of Minor Magic

   Spells                             Type                      Level
   a - Magic Dart                     Conjuration                  1
   b - Blink                          Translocation                2
   c - Call Imp                       Summoning                    2
   d - Repel Missiles                 Charms/Air                   2
   e - Slow                           Hexes                        2
   f - Conjure Flame                  Conjuration/Fire             3
   g - Mephitic Cloud                 Conjuration/Poison/Air       3
Comestibles
 c - 3 bread rations
 g - 2 fruits
 s - a beef jerky
 u - a meat ration


   Skills:
 - Level 3.0 Dodging
 - Level 7.0 Stealth
 - Level 3.0 Spellcasting
 - Level 3.0 Conjurations
   Level 1.0 Summonings
   Level 1.0 Translocations
 + Level 0.8 Air Magic
 + Level 1.2 Poison Magic


You had 7 spell levels left.
You knew the following spells:

 Your Spells              Type           Power        Failure   Level  Hunger
a - Magic Dart            Conj           ###.         3%          1    None
b - Mephitic Cloud        Conj/Pois/Air  ##......     21%         3    ###....


Dungeon Overview and Level Annotations

Branches:
Dungeon (3/15)

Altars:
Ashenzari
Cheibriados
Makhleb
Qazlal
Ru

Annotations:
D:3 Purgy


Innate Abilities, Weirdness & Mutations

You cannot wear most types of armour.
You are amphibious.
You can wear up to eight rings at the same time.
You can use your tentacles to constrict eight enemies at once.
Your skin changes colour to match your surroundings (Stealth).
Your rubbery body absorbs attacks (AC +1).


Message History

Purgy barely misses you.
You barely miss Purgy. Your squeeze misses Purgy.
Purgy is almost dead.
Purgy bites you.
* * * LOW HITPOINT WARNING * * *
Purgy claws you but does no damage. Purgy barely misses you.
You hit Purgy but do no damage. Your squeeze misses Purgy.
Purgy is almost dead.
Purgy bites you.
* * * LOW HITPOINT WARNING * * *
Purgy barely misses you. Purgy closely misses you.
Casting: Magic Dart
Confirm with . or Enter, or press ? or * to list all spells.
Aiming: Magic Dart
Press: ? - help, Shift-Dir - straight line, f/p - Purgy
Aim: Purgy (almost dead)
The magic dart hits Purgy.
Purgy is almost dead.
Purgy bites you.
You die...

<# #.# #. #.##.#
.# #.#.. #.
#....# .# #.#.##
#. ####.#
.########.#..
######.#
.............
#......#
.......#..#.#
#####..#
..........#.###
#.#.# .#._.##
#.....#####
##.## .....#
#.$....@T# #.#
....##
#[######## #.#
.#### #.# #.# .#
#.######## #.#
.#
#........#######
#.#
########.......#
#.#
#######.#####.#
#.....<.#
#########


You could see Purgy.

Vanquished Creatures
  Sigmund (D:2)
  Jessica (D:3)
  3 adders
  3 gnolls (D:2)
  A worm (D:2)
  A giant gecko (D:1)
  5 giant cockroaches
  6 hobgoblins (D:2)
  3 jackals (D:2)
  6 kobolds
  4 bats
  2 giant newts
  8 goblins
  6 rats
50 creatures vanquished.

Notes
Turn   | Place    | Note
--------------------------------------------------------------
     0 | D:1      | Jerry the Octopode Wizard began the quest for the Orb.
     0 | D:1      | Reached XP level 1. HP: 11/11 MP: 4/4
   560 | D:1      | Reached XP level 2. HP: 6/17 MP: 6/6
  1515 | D:2      | Found a stormy altar of Qazlal.
  1516 | D:2      | Found a shattered altar of Ashenzari.
  1520 | D:2      | Became a worshipper of Ashenzari the Shackled
  1621 | D:2      | Reached XP level 3. HP: 21/21 MP: 2/7
  2469 | D:2      | Found a burning altar of Makhleb.
  2506 | D:2      | Reached XP level 4. HP: 24/27 MP: 1/8
  2626 | D:2      | Found a sacrificial altar of Ru.
  2883 | D:2      | Noticed Sigmund
  2899 | D:2      | Killed Sigmund
  2899 | D:2      | Reached skill level 6 in Stealth
  2899 | D:2      | Reached XP level 5. HP: 14/31 MP: 0/9
  2899 | D:2      | Reached XP level 6. HP: 16/36 MP: 0/10
  2904 | D:2      | Learned a level 3 spell: Mephitic Cloud
  3334 | D:3      | Noticed Jessica
  3338 | D:3      | Killed Jessica
  3338 | D:3      | Reached skill level 7 in Stealth
  3338 | D:3      | Reached skill level 1 in Poison Magic
  3341 | D:3      | Found a snail-covered altar of Cheibriados.
  3512 | D:3      | Noticed Purgy
  3531 | D:3      | Slain by Purgy

Action                   |  1- 3 |  4- 6 || total
-------------------------+-------+-------++-------
Melee: Unarmed           |     4 |       ||     4
       Dagger            |     4 |       ||     4
       Short sword       |    23 |    10 ||    33
 Cast: Magic Dart        |    72 |    52 ||   124
Evoke: Wand              |       |     4 ||     4
  Use: Scroll            |       |     6 ||     6
 Stab: Sleeping          |     4 |     2 ||     6
  Eat: Chunk             |     5 |     2 ||     7
